 Dungeon Crawl Stone Soup version 0.20.0-15-g7f486f2 (webtiles) character file.

29 Chiseanne the Magician (level 3, 24/24 HPs)
             Began as a Demonspawn Wizard on June 15, 2017.
             Quit the game on level 2 of the Dungeon.
             The game lasted 00:02:17 (1508 turns).

Chiseanne the Magician (Demonspawn Wizard)          Turns: 1508, Time: 00:02:18

Health: 24/24      AC:  8    Str:  7    XL:     3   Next: 1%
Magic:  0/7        EV: 12    Int: 20    God:
Gold:   117        SH:  0    Dex: 11    Spells: 7/8 levels left

rFire    . . .     SeeInvis .   b - +0 mace
rCold    . . .     Gourm    .   (no shield)
rNeg     . . .     Faith    .   h - +0 steam dragon scales
rPois    .         Spirit   .   (helmet restricted)
rElec    .         Reflect  .   (no cloak)
rCorr    .         Harm     .   q - +1 pair of gloves
MR       .....                  o - +0 pair of boots
Stlth    ++........             (no amulet)
Regen    0.1/turn               (no ring)
MPRegen  0.1/turn               (no ring)

@: very slightly contaminated
A: horns 1, sanguine armour 1
a: no special abilities


You were on level 2 of the Dungeon.
You were not hungry.

You visited 1 branch of the dungeon, and saw 2 of its levels.

You collected 117 gold pieces.

Inventory:

Hand Weapons
 b - a +0 mace (weapon)
 f - a +0 short sword
Missiles
 i - 35 stones (quivered)
 k - 24 arrows
Armour
 h - +0 steam dragon scales (worn)
 l - a +0 helmet
 o - a +0 pair of boots (worn)
 q - a +1 pair of gloves (worn)
Jewellery
 a - an uncursed ring of protection from magic {unknown}
Scrolls
 j - a scroll of remove curse
Potions
 e - a potion of curing {unknown}
 p - a potion of invisibility {unknown}
Books
 c - a book of Minor Magic

   Spells                             Type                      Level
   a - Magic Dart                     Conjuration                  1
   b - Blink                          Translocation                2
   c - Call Imp                       Summoning                    2
   d - Slow                           Hexes                        2
   e - Conjure Flame                  Conjuration/Fire             3
   f - Mephitic Cloud                 Conjuration/Poison/Air       3
Comestibles
 d - 2 bread rations
 g - a meat ration
 m - 2 royal jellies


   Skills:
 - Level 1.7 Dodging
 - Level 1.7 Stealth
 * Level 3.3 Spellcasting
 * Level 2.4 Conjurations
   Level 1.0 Summonings
   Level 0.8 Translocations


You had 7 spell levels left.
You knew the following spells:

 Your Spells              Type           Power        Failure   Level  Hunger
a - Magic Dart            Conj           ##..         4%          1    None


Dungeon Overview and Level Annotations

Branches:
Dungeon (2/15)

Altars:
Gozag
Hepliaklqana
Xom


Innate Abilities, Weirdness & Mutations

You have a pair of small horns on your head.
When seriously injured, your bleeding wounds create armour. (AC +0)


Message History

The magic dart hits the hobgoblin.
The hobgoblin is heavily wounded.
Casting: Magic Dart
Confirm with . or Enter, or press ? or * to list all spells.
You don't have enough magic to cast that spell.
Casting: Magic Dart
Confirm with . or Enter, or press ? or * to list all spells.
You don't have enough magic to cast that spell.
You closely miss the hobgoblin.
The hobgoblin is heavily wounded.
The hobgoblin misses you.
You hit the hobgoblin.
You kill the hobgoblin!
You have reached level 3!
Your experience leads to an increase in your attributes!
Increase (S)trength, (I)ntelligence, or (D)exterity?
You feel clever.
Your demonic ancestry asserts itself...
A pair of horns grows on your head!
Your +0 helmet falls away!
Are you sure you want to abandon this character and quit the game? (Confirm with "yes".)

#.....(..
#........
#.#......
#.#######
#.# #.#
#.# #.#
#@#
#.)......
#########


There were no monsters in sight!

Vanquished Creatures
  6 giant cockroaches
  5 goblins (D:1)
  5 hobgoblins
  A bat (D:1)
  2 kobolds
  6 rats
25 creatures vanquished.

Notes
Turn   | Place    | Note
-------+----------+-------------------------------------------
     0 | D:1      | Chiseanne the Demonspawn Wizard began the quest for the Orb.
     0 | D:1      | Reached XP level 1. HP: 13/13 MP: 4/4
   402 | D:1      | Gained mutation: When seriously injured, your bleeding wounds create armour. (AC +0) [demonic ancestry]
   402 | D:1      | Reached XP level 2. HP: 19/19 MP: 3/6
   687 | D:1      | Found a white marble altar of Elyvilon.
   689 | D:1      | Found a shattered altar of Ashenzari.
   689 | D:1      | Found a shimmering altar of Xom.
   691 | D:1      | Found a hazy altar of Hepliaklqana.
   691 | D:1      | Found an opulent altar of Gozag.
   691 | D:1      | Found a hazy altar of Hepliaklqana.
  1507 | D:2      | Gained mutation: You have a pair of small horns on your head. [demonic ancestry]
  1507 | D:2      | Reached XP level 3. HP: 24/24 MP: 0/7
  1508 | D:2      | Quit the game

Skill      XL: |  1  2 |
---------------+-------+-----
Conjurations   | 2 |  2.4
Dodging        | |  1.7
Stealth        | |  1.7
Spellcasting   | |  3.3
Summonings     | |  1.0
Translocations | |  0.8

Action                   || total
-------------------------++-------
Melee: Short sword       ||    13
       Mace              ||     2
 Cast: Magic Dart        ||    59
  Use: Scroll            ||     4
  Eat: Chunk             ||     2
Armor: Steam dragon scal ||     9
Dodge: Dodged            ||    23
